 Dungeon Crawl Stone Soup version 0.29.0-4-gdea44cf6ec (webtiles) character file.

Game seed: 14165231099552634632

105 qw the Chopper (level 4, 0/26 HPs)
             Began as a Tengu Warper on Aug 28, 2022.
             Slain by Grinder (3 damage)
             ... on level 3 of the Dungeon.
             The game lasted 00:00:15 (3713 turns).

qw the Chopper (Tengu Warper)                       Turns: 3713, Time: 00:00:16

Health: 0/26       AC:  5    Str: 13    XL:     4   Next: 83%
Magic:  8/8        EV: 15    Int: 13    God:
Gold:   170        SH:  0    Dex: 14    Spells: 7/7 levels left

rFire   . . .      SeeInvis .   Y - +0 hand axe
rCold   . . .      Faith    .   (no shield)
rNeg    . . .      Spirit   .   g - +0 ring mail
rPois   .          Reflect  .   (helmet restricted)
rElec   .          Harm     .   (no cloak)
rCorr   .          Rampage  .   (no gloves)
Will    .....                   (boots unavailable)
Stlth   +.........              (no amulet)
HPRegen 0.08/turn               e - +4 ring of evasion
MPRegen 0.11/turn               (no ring)

@: no status effects
A: beak, talons 3
a: no special abilities


You were on level 3 of the Dungeon.
You visited 1 branch of the dungeon, and saw 3 of its levels.

You collected 170 gold pieces.


Innate Abilities, Weirdness & Mutations

You have a beak for a mouth.
You have claws for feet.


   Skills:
 - Level 2.0 Fighting
 + Level 5.3 Axes
 - Level 1.0 Throwing
 - Level 1.1 Armour
 - Level 2.1 Dodging
 - Level 2.0 Spellcasting
 - Level 2.4 Translocations


You had 7 spell levels left.
You didn't know any spells.
Your spell library contained the following spells:

 Spells                   Type           Power      Damage    Failure   Level
 Blink                    Tloc           14%        N/A       30%         2
 Gell's Gravitas          Tloc           7%         N/A       52%         3
 Lesser Beckoning         Tloc           7%         N/A       52%         3
 Teleport Other           Tloc           7%         N/A       52%         3
 Manifold Assault         Tloc           7%         N/A       99%         5

Inventory:

Hand Weapons
 i - a +0 whip
 Y - a +0 hand axe (weapon)
Armour
 g - a +0 ring mail (worn)
Jewellery
 e - a +4 ring of evasion (left hand)
Scrolls
 j - 2 scrolls of identify
 k - a scroll of fog {unknown}
 l - a scroll of enchant weapon {unknown}
 m - a scroll of teleportation {unknown}
Potions
 a - a potion of invisibility {unknown}
 b - a potion of mutation {unknown}
 c - a potion of brilliance {unknown}
 d - 2 potions of flight {unknown}
 f - a potion of curing
 h - a potion of magic {unknown}

Dungeon Overview and Level Annotations

Branches:
Dungeon (3/15)

Altars:
Elyvilon

Annotations:
D:3 Grinder


Message History

There is a large open door here.
There is a large open door here.
d - 2 lumpy brown potions (gained 1)
You now have 170 gold pieces (gained 14).
You open the door.
There is an open door here.
Found a bone wand.
Enter note:
Enter note:
Enter note:
Enter note:
Enter note:
Found 4 poisoned darts.
A ball python comes into view.
The ball python hisses angrily.
Enter note: The ball python closely misses you. x2
You hit the ball python.
You kill the ball python!
Found a white marble altar of Elyvilon.
There is a white marble altar of Elyvilon here.
You open the door.
There is an open door here.
Grinder comes into view.
Grinder shouts!
Grinder gestures at you.
You suddenly lose the ability to move!
Grinder hits you. x2
You writhe in agony.
You can move again.
You barely miss Grinder. Your kick misses Grinder. Your peck misses Grinder.
Grinder completely misses you.
You closely miss Grinder. You peck Grinder, but do no damage. Grinder hits you.
You writhe in agony.
You closely miss Grinder. Your peck misses Grinder. Grinder barely misses you.
You slash Grinder! You claw Grinder. You punch Grinder.
Grinder is moderately wounded.
Grinder hits you.
You die...

.#######....(.#.#
..........#/###.#
######...#..#...## #
#..#...........#
###..#..##.....#.#
.......#.#.....#.#
.....#.#.....#.#.#
...###.#...#...#.#
.#.###.#####.###@#
.#...........# #.5.....#
.#####'##############.##
.##.............#
.##.............#
.##.............#
.##.............#
###.............#
####....#########


You could see Grinder.

Vanquished Creatures
  Ijyb (D:3)
  3 adders
  A worm (D:3)
  2 dart slugs
  5 endoplasms
  A giant cockroach (D:3)
  5 goblins
  6 hobgoblins
  3 kobolds
  2 quokkas
  9 ball pythons
  4 bats
  2 frilled lizards
  3 rats
47 creatures vanquished.

Notes
Turn   | Place    | Note
-------+----------+-------------------------------------------
     0 | D:1      | qw the Tengu Warper began the quest for the Orb.
     0 | D:1      | Reached XP level 1. HP: 12/12 MP: 4/4
     0 | D:1      | 0 ||| qw: Version: 0.1-a-89-g26bdef1
     0 | D:1      | 0 ||| qw: Game counter: 1295
     0 | D:1      | 0 ||| qw: Always use a shield: true
     0 | D:1      | 0 ||| qw: God list: Okawaru
     0 | D:1      | 0 ||| qw: Allow faded altars: false
     0 | D:1      | 0 ||| qw: Do Orc after D:15 true
     0 | D:1      | 0 ||| qw: Do second Lair branch before Depths: true
     0 | D:1      | 0 ||| qw: Lair rune preference: random
     0 | D:1      | 0 ||| qw: Plans: Normal
     0 | D:1      | 0 ||| PLANNING D:1-11
   476 | D:1      | 476 ||| Stepping ~*~*~tactically~*~*~ (stealth).
   481 | D:1      | Reached skill level 3 in Axes
   481 | D:1      | Reached XP level 2. HP: 14/17 MP: 6/6
   542 | D:1      | 542 ||| Stepping ~*~*~tactically~*~*~ (stealth).
   994 | D:1      | 994 ||| Stepping ~*~*~tactically~*~*~ (stealth).
  1223 | D:1      | 1223 ||| DROPPING +0 club.
  1277 | D:1      | Found a faded altar of an unknown god.
  1385 | D:1      | 1385 ||| UPGRADING to +4 ring of evasion.
  1386 | D:1      | 1386 ||| READING scroll labelled TIGHEN ZEATAVOACE.
  1387 | D:1      | 1387 ||| DRINKING 2 bubbling white potions.
  1388 | D:1      | 1388 ||| DROPPING scroll of blinking.
  1453 | D:2      | Reached XP level 3. HP: 20/21 MP: 7/7
  1656 | D:2      | Reached skill level 4 in Axes
  1882 | D:2      | 1882 ||| Stepping ~*~*~tactically~*~*~ (stealth).
  2536 | D:2      | 2536 ||| UPGRADING to +0 ring mail.
  2546 | D:2      | 2546 ||| DROPPING +0 leather armour.
  2658 | D:3      | Noticed Ijyb
  2673 | D:3      | Killed Ijyb
  2674 | D:3      | Reached XP level 4. HP: 17/26 MP: 8/8
  2756 | D:3      | Reached skill level 5 in Axes
  3369 | D:3      | 3369 ||| Stepping ~*~*~tactically~*~*~ (hiding).
  3634 | D:3      | Found a white marble altar of Elyvilon.
  3706 | D:3      | Noticed Grinder
  3706 | D:3      | Paralysed by Grinder for 4 turns
  3711 | D:3      | HP: 2/26 [Grinder (6)]
  3713 | D:3      | Slain by Grinder

Levels and vault maps discovered:
D:1:      enne_arrival_octagon_isle, layout_basic, ebering_ecumenical_altar_box
D:2:      layout_basic
D:3:      minmay_chambers_of_twos, layout_basic, overflow_temple_1_default,
          lemuel_round_altar, lexackson_kobold_supper, uniq_ijyb, uniq_grinder,
          uniq_robin

Skill      XL: |  1  2  3  4 |
---------------+-------------+-----
Axes           | 3 4 5 |  5.3
Fighting       | |  2.0
Throwing       | |  1.0
Armour         | |  1.1
Dodging        | |  2.1
Spellcasting   | |  2.0
Translocations | |  2.4

Action                   |  1- 3 |  4- 6 || total
-------------------------+-------+-------++-------
Melee: Hand axe          |    93 |    58 ||   151
       Kick              |    19 |    13 ||    32
       Peck              |     7 |    10 ||    17
       Punch             |       |     1 ||     1
Throw: Boomerang         |     7 |       ||     7
  Use: Scroll            |     1 |       ||     1
       Potion            |     1 |       ||     1
Armor: Leather armour    |    10 |       ||    10
       Ring mail         |     1 |     7 ||     8
Dodge: Dodged            |    64 |    41 ||   105

Table legend:
 A = Non-vault XP
 B = Vault XP
 C = Vault XP percentage of total XP
 D = Non-vault monster count
 E = Vault monster count
 F = Vault count percentage of total count
                 A         B        C        D         E       F
            +---------+---------+-------+---------+---------+-------
      Total |      99 |      52 |  34.4 |      38 |       9 |  19.1
            +---------+---------+-------+---------+---------+-------
        D:1 |      21 |       0 |   0.0 |      13 |       0 |   0.0
        D:2 |      54 |       0 |   0.0 |      18 |       0 |   0.0
        D:3 |      24 |      52 |  68.4 |       7 |       9 |  56.2
            +---------+---------+-------+---------+---------+-------
